 Dungeon Crawl Stone Soup version 0.11.3 (webtiles) character file.

420 Aargh the Ruinous (level 6, -8/41 HPs)
             Began as a Human Conjurer on July 13, 2013.
             Splashed by acid (12 damage)
             ... while paralysed by a potion of paralysis
             ... on Level 5 of the Dungeon.
             The game lasted 00:49:02 (4717 turns).

Aargh the Ruinous (Human Conjurer)                  Turns: 4717, Time: 00:49:02

HP  -8/41        AC  4     Str 16      XL: 6   Next: 44%
MP   2/11        EV  2     Int 16      God:
Gold 154         SH  0     Dex 14      Spells:  3 memorised,  3 levels left

Res.Fire  : . . .   See Invis. : .   y - +1 dwarf hand axe
Res.Cold  : . . .   Warding    : .   a - +0 robe
Life Prot.: . . .   Conserve   : .   (no shield)
Res.Poison: .       Res.Corr.  : .   (no helmet)
Res.Elec. : .       Clarity    : .   x - +1 elf cloak
Sust.Abil.: . .     Spirit.Shd : .   (no gloves)
Res.Mut.  : .       Stasis     : .   (no boots)
Res.Rott. : .       Ctrl.Telep.: .   (no amulet)
Saprovore : . . .   Levitation : .   (no ring) Ctrl.Flight: .
                                     d - +2 ring of strength

@: paralysed, mighty, slightly resistant to hostile enchantments, stealthy
A: no striking features
a: no special abilities


You were on level 5 of the Dungeon.
You were not hungry.

You visited 1 branch of the dungeon, and saw 5 of its levels.

You collected 134 gold pieces.

Dungeon Overview and Level Annotations

Branches:
Dungeon (5/27)
 Temple: D:4-7

Altars:
Xom
Zin
the Shining One


   Skills:
 * Level 1.6 Short Blades
 - Level 0.1 Axes
 + Level 2.8 Dodging
 * Level 2.8 Stealth
 * Level 1.7 Stabbing
 * Level 1.3 Traps & Doors
 * Level 2.2 Spellcasting
 * Level 4.8 Conjurations
 * Level 1.2 Air Magic
 * Level 1.3 Poison Magic


You had 3 spell levels left.
You knew the following spells:

 Your Spells              Type           Power        Failure   Level  Hunger
a - Magic Dart            Conj           ####.        3%          1    #......
b - Throw Frost           Conj/Ice       ##.....      14%         2    ##.....
m - Mephitic Cloud        Conj/Pois/Air  ##.......    21%         3    ####...

Inventory:

Hand weapons
 e - a +0,+0 club (quivered)
 f - a -1,+0 orcish dagger
 g - a +0,+0 dagger
 l - a +0,+0 broad axe
 n - a +0,+0 sling
 q - a +0,+0 club
 r - a +2,+0 dagger
 s - a +2,+0 mace of crushing
 t - a +0,+1 orcish club
 u - a +4,+1 great mace
 y - a +1,+1 dwarven hand axe (weapon)
 C - a +0,+0 falchion
Missiles
 j - 20 darts
 k - 31 arrows
Armour
 a - a +0 robe (worn)
 x - a +1 elven cloak (worn)
Comestibles
 b - 4 bread rations
 m - a cheese
 p - a meat ration
 A - an apricot
Scrolls
 i - 3 scrolls of curse weapon {unknown}
 o - a scroll of identify
Jewellery
 d - a +2 ring of strength (left hand)
Potions
 v - 2 potions of poison {unknown}
Books
 c - a book of Conjurations

   Spells                             Type                      Level
   *Magic Dart                        Conjuration                  1
   *Throw Frost                       Conjuration/Ice              2
   *Mephitic Cloud                    Conjuration/Poison/Air       3
   Lightning Bolt                     Conjuration/Air              5
   Bolt of Cold                       Conjuration/Ice              6
   Freezing Cloud                     Conjuration/Ice/Air          6


Message History

The hound is severely wounded.
The crimson imp blinks!
The hound bites you but does no damage. The hound barely misses you.
Aiming: Magic Dart
Aim: a hound (severely wounded)
The magic dart hits the hound.
The hound is severely wounded.
The hound bites you but does no damage.
You hit the hound.
You kill the hound!
You hear a slurping noise.
The jelly barely misses you.
The crimson imp blinks!
Drink which item? (? for menu, Esc to quit)
You feel very mighty all of a sudden.
Wield which item (- for none, * to show all)? (? for menu, Esc to quit)
y - an uncursed dwarven hand axe (weapon)
The jelly hits you.
You are splashed with acid!
The acid burns!
You slash the jelly!
The jelly is moderately wounded.
The jelly hits you.
* * * LOW HITPOINT WARNING * * *
You are splashed with acid!
The acid burns!
* * * LOW HITPOINT WARNING * * *
You hit the jelly.
The jelly is moderately wounded.
The jelly completely misses you.
You slash the jelly!
The jelly is severely wounded.
The jelly barely misses you. The jelly hits you.
* * * LOW HITPOINT WARNING * * *
You are splashed with acid!
The acid burns!
* * * LOW HITPOINT WARNING * * *
The crimson imp blinks!
Drink which item? (? for menu, Esc to quit)
You suddenly lose the ability to move!
It was a potion of paralysis.
The jelly hits you.
* * * LOW HITPOINT WARNING * * *
You are splashed with acid!
The acid corrodes your +1 robe!
The acid burns!
You die...

#..######...#.#
#..# ###.#.#
#.###.5###### #.#.#
#...........###.#.#
#####..####.##....#
#._............#
#.######.##...##
..#....cJ......#
#.>...####@##)..#
........# #.###.##
.................#
##......###..#####
#.##.### #..# . #.
#..# .. #..# #..#
#..#


You could see a jelly and a centaur.

Vanquished Creatures
  An ogre (D:2)
  2 hounds (D:5)
  A scorpion (D:2)
  2 adders
  A worm (D:3)
  5 giant geckos
  An ooze (D:2)
  2 orcs
  A ball python (D:4)
  5 giant cockroaches
  10 goblins
  6 hobgoblins
  A quokka (D:2)
  13 bats
  5 giant newts
  2 kobolds (D:1)
  8 rats
66 creatures vanquished.

Vanquished Creatures (others)
  2 toadstools
2 creatures vanquished.

Grand Total: 68 creatures vanquished

Notes
Turn   | Place    | Note
--------------------------------------------------------------
     0 | D:1      | Aargh, the Human Conjurer, began the quest for the Orb.
     0 | D:1      | Reached XP level 1. HP: 13/13 MP: 3/3
    86 | D:2      | Noticed a scorpion
   344 | D:1      | Reached XP level 2. HP: 14/19 MP: 2/4
   727 | D:1      | Found a glowing golden altar of the Shining One.
  1067 | D:1      | Reached XP level 3. HP: 24/24 MP: 3/5
  1267 | D:1      | Learned a level 3 spell: Mephitic Cloud
  1280 | D:2      | Noticed an ogre
  2228 | D:2      | Killed a scorpion
  2228 | D:2      | Reached skill level 1 in Stabbing
  2228 | D:2      | Reached skill level 1 in Traps & Doors
  2228 | D:2      | Reached XP level 4. HP: 20/30 MP: 2/7
  3075 | D:2      | HP: 1/30 [ogre/runed great mace (7)]
  3077 | D:2      | Killed an ogre
  3077 | D:2      | Reached skill level 1 in Short Blades
  3077 | D:2      | Reached skill level 1 in Air Magic
  3077 | D:2      | Reached XP level 5. HP: 1/35 MP: 9/9
  3516 | D:5      | Entered Level 5 of the Dungeon
  3540 | D:5      | Reached skill level 2 in Spellcasting
  3540 | D:5      | Reached XP level 6. HP: 35/41 MP: 6/11
  3547 | D:5      | Learned a level 2 spell: Throw Frost
  4143 | D:3      | Found a glowing silver altar of Zin.
  4165 | D:3      | Reached skill level 1 in Poison Magic
  4610 | D:4      | Noticed a centaur
  4674 | D:5      | Found a shimmering altar of Xom.
  4690 | D:5      | Noticed a centaur
  4716 | D:5      | Paralysed by a potion of paralysis for 3 turns
  4717 | D:5      | HP: 4/41 [jelly (2)]
  4717 | D:5      | Splashed by acid
